Unix NetHack Version 5.0.0-0 post-release - last build Jun 10 2026 00:39:30 (3ee93aec679c4c4259841fe613dc97188e26a321,branch:main).

Game began 2026-06-15 13:37:10, ended 2026-06-15 14:36:08.

Drastanta, lawful male human Samurai

                                       -----------.|   ---                 |.|
                                       |.........|.|   |.|                 |.|
                                       |*..*.....|.-----.|   --- -----------.|
                                       |....<....-.......|.  ..| |...........|
                                       |...)....*|------.|.- -.---+---------.|
                                       |.........|     |...| |..*..|       |.|
                                       -----------     |...|.|.-----     ---.|
                                                       |.....|.|         |...|
                                                       |...---.|     - ---.---
                                                       |.*.....|     ...@M.|
                                                       |.-------     -------

Drastanta the Ninja    St:18 Dx:16 Co:18 In:8 Wi:9 Ch:6  Lawful
Dlvl:10 $:138 HP:0(67) Pw:23(23) AC:0  Xp:7 T:3647 

Latest messages:
 The vampire hits!
 The vampire bites!
 The ghoul hits!
 The ghoul misses!
 You destroy the vampire!
 Hachi misses the ghoul.
 The ghoul misses!
 The ghoul misses!
 Hachi bites the ghoul.
 You hit the ghoul!
 Hachi misses the ghoul.
 You destroy the ghoul!
 You see here a dagger.
 You see here an orange gem.
 Hachi picks up a green gem.
 You swap places with Hachi.
 Hachi drops a green gem.
 Hachi is hit by a rock!
 You swap places with Hachi.
 You find a hidden door.
 The door resists!
 The door opens.
 Suddenly, you notice a rock piercer.
 It misses the rock piercer.
 You hear bubbling water.
 You hear some noises in the distance.
 You see here a violet gem.
 You see here a yellow spellbook.
 You hear some noises in the distance.
 You see here a statue of a giant mummy.
 The statue moves!
 The giant mummy hits!
 The giant mummy knocks you backward with a powerful strike!
 The giant mummy hits!
 The giant mummy hits again!
 You hit the giant mummy!
 You hit the giant mummy.
 The giant mummy hits!
 The giant mummy knocks you backward with a powerful strike!
 The giant mummy hits!
 The giant mummy hits again!
 You hit the giant mummy!
 The giant mummy hits!
 The giant mummy knocks you backward with a powerful strike!
 You miss the giant mummy.
 The giant mummy hits!
 The giant mummy hits again!
 You die...
 Do you want your possessions identified? [ynq] (y) y
 Do you want to see your attributes? [ynq] (y) q

Inventory:
 Coins    ('$')
  $ - 138 gold pieces
 Weapons  (')')
  d - 42 +0 ya (in quiver)
  c - a +0 yumi
  a - a +0 katana (weapon in right hand)
 Armor    ('[')
  K - an uncursed +0 dwarvish iron helm (being worn)
  L - an uncursed +0 pair of iron shoes (being worn)
  e - a blessed rustproof +0 splint mail (being worn)
 Comestibles  ('%')
  j - an uncursed clove of garlic
  i - 2 uncursed gunyoki
 Scrolls  ('?')
  w - a cursed scroll of amnesia
  p - 4 uncursed scrolls of enchant weapon
  n - an uncursed scroll of gold detection
  m - an uncursed scroll of identify
  y - a cursed scroll of identify
  H - an uncursed scroll of light
  r - an uncursed scroll of teleportation
 Potions  ('!')
  o - a cursed potion of fruit juice
  h - an uncursed potion of hallucination
  g - an uncursed potion of monster detection
  q - an uncursed potion of see invisible
 Wands    ('/')
  G - a wand of lightning (0:7)
  f - a wand of magic missile (0:7)
  s - a wand of make invisible (0:6)
  t - a blessed wand of secret door detection (0:13)
 Tools    ('(')
  b - an uncursed magic lamp (lit)
  k - a +0 unicorn horn

Drastanta the Samurai's attributes:

Background:
 You were a Ninja, a level 7 male human Samurai.
 You were lawful, on a mission for Amaterasu Omikami
 who was opposed by Raijin (neutral) and Susanowo (chaotic).
 You were right-handed.
 You were in the Gnomish Mines, on level 10.
 You entered the dungeon 3647 turns ago.
 There was a new moon in effect when your adventure ended.
 You had 1230 experience points, 50 more were needed to attain level 8.

Basics:
 You had 0 out of 67 hit points.
 You had all 23 energy points (spell power).
 Your armor class was 0.
 Your wallet contained 138 zorkmids.
 Autopickup was on for '$' plus thrown.

Final Characteristics:
 Your strength was 18 (limit:18/100).
 Your dexterity was 16 (limit:18).
 Your constitution was 18 (limit:18).
 Your intelligence was 8 (limit:18).
 Your wisdom was 9 (limit:18).
 Your charisma was 6 (limit:18).

Final Status:
 You weren't hungry.
 You were unencumbered.
 You were wielding a long sword.
 You were skilled in long sword.

Final Attributes:
 You were piously aligned.
 You were poison resistant.
 You were warded.
 You were fast.
 You are dead.

Miscellaneous:
 You encountered 1 bones level.
 Total elapsed playing time was 53 minutes and 6 seconds.

Major events:
 Turn
    1: Drastanta the lawful male human Samurai entered the dungeon
  180: entered the Gnomish Mines
  734: attained the rank of Ronin (level 3)
 2165: reached Mine Town
 2259: attained the rank of Ninja (level 6)
 3647: killed by a giant mummy

You didn't know any spells.

Skills:
 Fighting Skills
   martial arts      [Basic]
   two weapon combat [Unskilled]
   riding            [Unskilled]
 Weapon Skills
   dagger            [Unskilled]
   knife             [Unskilled]
   short sword       [Basic]
   broadsword        [Unskilled]
   long sword        [Skilled]
   two-handed sword  [Unskilled]
   saber             [Unskilled]
   flail             [Unskilled]
   quarterstaff      [Unskilled]
   polearms          [Unskilled]
   spear             [Unskilled]
   lance             [Unskilled]
   bow               [Basic]
   shuriken          [Unskilled]
 Spellcasting Skills
   attack spells     [Unskilled]
   divination spells [Unskilled]
   clerical spells   [Unskilled]

Voluntary challenges:
 Character rerolling was not enabled.
 You never genocided any monsters.
 You never polymorphed an object.
 You never changed form.
 You used no wishes.
Achievements:
 You entered the Gnomish Mines.
 You entered a shop.
 You attained the rank of Ronin.
 You entered Minetown.
 You entered a temple.
 You attained the rank of Ninja.

 The Dungeons of Doom: levels 1 to 5
    Level 1:
       A fountain.
    Level 2:
       Stairs down to The Gnomish Mines.
    Level 3:
       A general store, a sink, a grave.
    Level 4:
       A fountain.
    Level 5:
       A fountain.
 The Gnomish Mines: levels 3 to 10
    Level 3:
       A grave.
       Final resting place for
          Drastanta-Kni-Hum-Mal-Law, killed by a giant bat.
    Level 4:
    Level 5:
       Many shops, a temple and an altar, some fountains, a sink.
    Level 6:
    Level 7:
    Level 8:
    Level 9:
    Level 10: <- You were here.
       Final resting place for
          you, killed by a giant mummy.


Vanquished creatures:
  a vampire
  a ghost
  a mind flayer
  a small mimic
  a freezing sphere
  2 watchmen
  a gnome ruler
  a black unicorn
  a fire ant
  a rock piercer
  a pony
  a shrieker
  7 gnome leaders
  2 gnomish wizards
  2 gray oozes
  a ghoul
  6 dwarves
  a kobold leader
  a hill orc
  a rothe
  a giant bat
  5 monkeys
  3 orc zombies
  a werejackal
 an iguana
 an acid blob
  3 coyotes
  3 hobbits
  a manes
  a hobgoblin
  a cave spider
  a brown mold
  a red mold
 39 gnomes
  2 garter snakes
  3 geckos
  6 jackals
  a fox
  a goblin
  a sewer rat
  4 grid bugs
  3 lichens
  3 kobold zombies
  3 newts
123 creatures vanquished.

No species were genocided or became extinct.

Game over:
                       ----------
                      /          \
                     /    REST    \
                    /      IN      \
                   /     PEACE      \
                  /                  \
                  |    Drastanta     |
                  |      138 Au      |
                  |   killed by a    |
                  |   giant mummy    |
                  |                  |
                  |                  |
                  |       2026       |
                 *|     *  *  *      | *
        _________)/\\_//(\/(/\)/\//\/|_)_______

Sayonara Drastanta the Samurai...

You died in The Gnomish Mines on dungeon level 10 with 5505 points,
and 138 pieces of gold, after 3647 moves.
You were level 7 with a maximum of 67 hit points when you died.

